 Dungeon Crawl Stone Soup version 0.31-a0-246-g8cbcc1cb85 (webtiles) character file.

Game seed: 8093260144971536071

481 qw the Shooter (level 7, -1/42 HPs)
             Began as a Gargoyle Hexslinger on July 12, 2023.
             Was an Initiate of Okawaru.
             Slain by a gnoll sergeant
             ... wielding a +0 trident
              (14 damage)
             ... on level 5 of the Dungeon.
             The game lasted 00:01:31 (2970 turns).

qw the Shooter (Gargoyle Hexslinger)                Turns: 2970, Time: 00:01:31

Health: -1/42      AC: 11    Str: 12    XL:     7   Next: 12%
Magic:  8/8        EV: 10    Int: 13    God:    Okawaru [......]
Gold:   136        SH:  0    Dex: 14    Spells: 7/8 levels left

rFire   + . .        Y - +2 sling
rCold   . . .        (no shield)
rNeg    + . .        e - +0 ring mail
rPois   inf          (no helmet)
rElec   +            (no cloak)
rCorr   .            a - +0 pair of gloves
SInv    .            (no boots)
Will    .....        h - amulet of regeneration
Stlth   +            f - ring of protection from fire
HPRegen 1.07/turn    (no ring)
MPRegen 0.11/turn

%: no passive effects
@: no status effects
A: sickness immunity, AC +4, negative energy resistance 1, electricity
resistance, torment resistance 1, petrification resistance
a: Renounce Religion


You were on level 5 of the Dungeon.
You worshipped Okawaru.
Okawaru was noncommittal.
You visited 2 branches of the dungeon, and saw 6 of its levels.

You collected 248 gold pieces.
You spent 112 gold pieces at shops.


Innate Abilities, Weirdness & Mutations

You are immune to sickness and miasma.
Your stone body is resilient. (AC +4)
You are immune to poison.
You resist negative energy. (rN+)
You are resistant to electric shocks. (rElec)
You are resistant to unholy torment.
You are immune to petrification.


   Skills:
 + Level 3.7 Fighting
 - Level 6.1 Ranged Weapons
 - Level 2.6 Armour
 - Level 1.5 Dodging
 - Level 1.0 Spellcasting
 - Level 2.6 Hexes


You had 7 spell levels left.
You knew the following spells:

 Your Spells              Type           Power      Damage    Failure   Level
a - Slow                  Hex            28%        N/A       21%         1

Your spell library contained the following spells:

 Spells                   Type           Power      Damage    Failure   Level
 Inner Flame              Hex/Fire       4%         N/A       71%         3
 Portal Projectile        Hex/Tloc       8%         N/A       71%         3
 Cause Fear               Hex            3%         N/A       90%         4

Inventory:

Hand Weapons
 Y - a +2 sling (weapon)
Armour
 a - a +0 pair of gloves (worn)
 e - a +0 ring mail (worn)
Jewellery
 f - a ring of protection from fire (left hand)
 h - an amulet of regeneration (around neck)
Scrolls
 b - 5 scrolls of identify
Potions
 c - a potion of heal wounds
 d - a potion of mutation
 g - a potion of might
 i - a potion of curing
 j - a potion of attraction {unknown}

Dungeon Overview and Level Annotations

Branches:
Dungeon (5/15)             Temple (1/1) D:4

Altars:
Cheibriados
Dithmenos
Elyvilon
Fedhas
Gozag
Hepliaklqana
Kikubaaqudgha
Makhleb
Okawaru
Qazlal
Ru
Sif Muna
Trog
Uskayaw
Vehumet
Wu Jian
Xom
Yredelemnul
Zin
The Shining One

Shops:
D:3 ?

Annotations:
D:5 exclusion: gnoll sergeant


Message History

The sling bullet hits the gnoll sergeant but does no damage.
The gnoll sergeant is heavily wounded.
The gnoll sergeant hits you from afar with a +0 trident.
You shoot a sling bullet.
The sling bullet hits the gnoll sergeant!
The gnoll sergeant is almost dead.
The gnoll sergeant hits you from afar with a +0 trident.
Enter note:
Enter note:
Enter note:
2956 ||| UPGRADING to +0 pair of gloves.
The gnoll sergeant hits you from afar with a +0 trident.
Keep equipping yourself?
You start putting on your armour.
You continue putting on your +0 pair of gloves.
The gnoll sergeant hits you from afar with a +0 trident.
You continue putting on your +0 pair of gloves.
The gnoll sergeant hits you from afar with a +0 trident.
You continue putting on your +0 pair of gloves.
The gnoll sergeant hits you from afar with a +0 trident.
You continue putting on your +0 pair of gloves.
The gnoll sergeant hits you but does no damage.
You finish putting on your +0 pair of gloves.
Enter note:
Enter note:
Enter note:
2967 ||| Stepping ~*~*~tactically~*~*~ (outnumbered).
2968 ||| FLEEEEING.
2969 ||| FLEEEEING.
Enter note:
Enter note:
Enter note:
Enter note:
Enter note:
Enter note: You shoot a sling bullet.
The sling bullet hits the gnoll sergeant but does no damage.
The gnoll sergeant is severely wounded.
The gnoll sergeant hits you from afar with a +0 trident! x2
You die...

#.#...# #?.##.#
##########.###.#
...........# #.#
############
#.#### #....#
#....# ##...#
##@## #.# #g#
#########g#
#..g.gg..g#
#.######### #.
g. .7.


You could see a gnoll sergeant and 2 gnolls.

Vanquished Creatures
  2 black bears (D:4)
  An ice beast (D:5)
  A hound (D:5)
  2 orc wizards
  A gnoll (D:5)
  5 adders
  A worm (D:4)
  3 dart slugs
  5 orcs (D:4)
  2 ball pythons
  4 endoplasms
  2 giant cockroaches
  6 hobgoblins
  6 jackals
  9 kobolds
  5 bats
  2 frilled lizards
  3 goblins (D:1)
  A rat (D:3)
61 creatures vanquished.

Notes
Turn   | Place    | Note
-------+----------+-------------------------------------------
     0 | D:1      | qw the Gargoyle Hexslinger began the quest for the Orb.
     0 | D:1      | Reached XP level 1. HP: 12/12 MP: 2/2
     0 | D:1      | 0 ||| qw: Version: 0.3-a-52-g30416fa
     0 | D:1      | 0 ||| qw: Game counter: 6394
     0 | D:1      | 0 ||| qw: Melee chars always use a shield: true
     0 | D:1      | 0 ||| qw: God list: Okawaru
     0 | D:1      | 0 ||| qw: Allow faded altars: false
     0 | D:1      | 0 ||| qw: Do Orc after clearing Dungeon:15 true
     0 | D:1      | 0 ||| qw: Do second Lair branch before Depths: true
     0 | D:1      | 0 ||| qw: Lair rune preference: random
     0 | D:1      | 0 ||| qw: Goals: Normal
     0 | D:1      | 0 ||| PLANNING D:1-11
   184 | D:1      | 184 ||| FLEEEEING.
   186 | D:1      | 186 ||| FLEEEEING.
   187 | D:1      | 187 ||| FLEEEEING.
   188 | D:1      | 188 ||| FLEEEEING.
   189 | D:1      | 189 ||| FLEEEEING.
   190 | D:1      | 190 ||| FLEEEEING.
   191 | D:1      | 191 ||| FLEEEEING.
   192 | D:1      | 192 ||| FLEEEEING.
   319 | D:1      | Reached XP level 2. HP: 16/16 MP: 3/3
   688 | D:1      | 688 ||| UPGRADING to ring of protection from fire.
   689 | D:1      | 689 ||| READING 2 scrolls labelled HITUAK VEEJIM.
   693 | D:1      | 693 ||| READING scroll labelled QEPROCIQ DABA.
   694 | D:1      | 694 ||| READING scroll labelled BOILOUW TANY.
   695 | D:1      | 695 ||| DROPPING scroll of poison.
   714 | D:2      | Found a bloodstained altar of Trog.
   730 | D:2      | Reached skill level 3 in Ranged Weapons
   801 | D:2      | Reached XP level 3. HP: 9/21 MP: 4/4
   806 | D:2      | HP: 5/21 [adder (4)]
   807 | D:2      | 807 ||| READING scroll of teleportation.
  1212 | D:2      | 1212 ||| READING 3 scrolls labelled ESIFOPPOYTE.
  1213 | D:2      | 1213 ||| READING scroll labelled NAYSKYORPHU.
  1214 | D:2      | 1214 ||| READING 2 scrolls of identify.
  1214 | D:2      | 1214 ||| IDENTIFYING puce potion
  1215 | D:2      | 1215 ||| DROPPING potion of degeneration.
  1222 | D:3      | Found a faded altar of an unknown god.
  1301 | D:3      | Found Beoxt's Magic Scroll Shoppe.
  1304 | D:3      | Reached XP level 4. HP: 26/26 MP: 5/5
  1317 | D:3      | 1317 ||| BUYING 2 scrolls of identify (56 gold).
  1317 | D:3      | Bought 2 scrolls of identify for 56 gold pieces
  1317 | D:3      | 1317 ||| SHOPLISTING 3 scrolls of brand weapon (399 gold,
                  | have 62).
  1317 | D:3      | 1317 ||| SHOPLISTING scroll of enchant weapon (105 gold,
                  | have 62).
  1317 | D:3      | 1317 ||| BUYING scroll of identify (28 gold).
  1317 | D:3      | Bought a scroll of identify for 28 gold pieces
  1317 | D:3      | 1317 ||| BUYING scroll of identify (28 gold).
  1317 | D:3      | Bought a scroll of identify for 28 gold pieces
  1317 | D:3      | 1317 ||| SHOPLISTING scroll of identify (28 gold, have 6).
  1536 | D:3      | Reached skill level 4 in Ranged Weapons
  1636 | D:3      | Found a snail-covered altar of Cheibriados.
  1661 | D:3      | 1661 ||| UPGRADING to +0 leather armour.
  1671 | D:3      | 1671 ||| DROPPING +0 robe.
  1672 | D:3      | 1672 ||| READING 7 scrolls of identify.
  1672 | D:3      | 1672 ||| IDENTIFYING black potion
  1673 | D:3      | 1673 ||| READING 6 scrolls of identify.
  1673 | D:3      | 1673 ||| IDENTIFYING bubbling green potion
  1674 | D:3      | 1674 ||| DROPPING potion of magic.
  1718 | D:4      | Noticed a black bear
  1729 | D:4      | HP: 6/26 [black bear (3)]
  1730 | D:4      | Killed a black bear
  1731 | D:4      | Reached skill level 5 in Ranged Weapons
  1731 | D:4      | Reached XP level 5. HP: 8/30 MP: 6/6
  1756 | D:4      | HP: 3/30 [orc/+0 falchion (7)]
  1915 | D:4      | Found a staircase to the Ecumenical Temple.
  1916 | D:4      | 1916 ||| PLANNING TEMPLE
  1916 | D:4      | 1916 ||| READING scroll labelled AMAEBR PUCI.
  1922 | Temple   | Entered the Ecumenical Temple
  1922 | Temple   | Found a transporter.
  1922 | Temple   | Found a transporter.
  1924 | Temple   | Found a transporter.
  1924 | Temple   | Found a transporter.
  1934 | Temple   | 1934 ||| PLANNING D:1-11
  1937 | Temple   | 1937 ||| PLANNING OKAWARU WORSHIP
  1942 | Temple   | Became a worshipper of Warmaster Okawaru
  1943 | Temple   | 1943 ||| PLANNING D:1-11
  2056 | D:4      | 2056 ||| FLEEEEING.
  2057 | D:4      | 2057 ||| FLEEEEING.
  2058 | D:4      | 2058 ||| FLEEEEING.
  2059 | D:4      | 2059 ||| FLEEEEING.
  2060 | D:4      | 2060 ||| FLEEEEING.
  2061 | D:4      | 2061 ||| FLEEEEING.
  2062 | D:4      | 2062 ||| FLEEEEING.
  2063 | D:4      | 2063 ||| FLEEEEING.
  2064 | D:4      | 2064 ||| FLEEEEING.
  2065 | D:4      | 2065 ||| FLEEEEING.
  2066 | D:4      | 2066 ||| FLEEEEING.
  2067 | D:4      | 2067 ||| FLEEEEING.
  2068 | D:4      | 2068 ||| STAIRDANCE
  2070 | D:3      | 2070 ||| FLEEEEING.
  2071 | D:3      | 2071 ||| FLEEEEING.
  2072 | D:3      | 2072 ||| FLEEEEING.
  2073 | D:3      | 2073 ||| FLEEEEING.
  2147 | D:4      | 2147 ||| STAIRDANCE
  2175 | D:3      | Reached skill level 3 in Fighting
  2175 | D:3      | 2175 ||| DRINKING potion of curing.
  2175 | D:3      | 2175 ||| (to cure confusion)
  2222 | D:4      | Reached XP level 6. HP: 37/37 MP: 7/7
  2222 | D:4      | 2222 ||| DRINKING potion of curing.
  2222 | D:4      | 2222 ||| (to cure confusion)
  2372 | D:4      | 2372 ||| UPGRADING to +0 ring mail.
  2382 | D:4      | 2382 ||| DROPPING +0 leather armour.
  2383 | D:4      | 2383 ||| READING 6 scrolls of identify.
  2383 | D:4      | 2383 ||| IDENTIFYING golden potion
  2384 | D:4      | 2384 ||| READING 5 scrolls of identify.
  2384 | D:4      | 2384 ||| IDENTIFYING fizzy sapphire potion
  2391 | D:4      | 2391 ||| STAIRDANCE
  2640 | D:4      | Noticed a black bear
  2654 | D:4      | Killed a black bear
  2793 | D:4      | 2793 ||| UPGRADING to amulet of regeneration.
  2798 | D:4      | 2798 ||| READING scroll labelled NUANKI JEQAOLE.
  2799 | D:4      | 2799 ||| READING scroll labelled PAWOLA ENOMNO.
  2800 | D:4      | 2800 ||| READING 6 scrolls of identify.
  2800 | D:4      | 2800 ||| IDENTIFYING red potion
  2814 | D:5      | Entered Level 5 of the Dungeon
  2814 | D:5      | Noticed an ice beast
  2824 | D:5      | Killed an ice beast
  2825 | D:5      | Reached skill level 6 in Ranged Weapons
  2825 | D:5      | Reached XP level 7. HP: 41/41 MP: 8/8
  2933 | D:5      | 2933 ||| Stepping ~*~*~tactically~*~*~ (outnumbered).
  2956 | D:5      | 2956 ||| UPGRADING to +0 pair of gloves.
  2967 | D:5      | 2967 ||| Stepping ~*~*~tactically~*~*~ (outnumbered).
  2968 | D:5      | 2968 ||| FLEEEEING.
  2969 | D:5      | 2969 ||| FLEEEEING.
  2970 | D:5      | Slain by a gnoll sergeant

Levels and vault maps discovered:
D:1:      tekkud_arrival_beachfront_property, layout_basic
D:2:      layout_rooms, basic_altar, st_stairs_14
D:3:      layout_rooms, nicolae_overflow_hidden_temple, serial_shops, shop,
          nicolae_ecumenical_pavilion
D:4:      kennysheep_big_flooded_room, layout_basic, minmay_temple_entry_hall,
          nicolae_kite_square_tiling_tiny
D:5:      layout_loops_ring, grunt_ministairs_2
Temple:   hellmonk_temple_divided_pantheon

Skill      XL: |  1  2  3  4  5  6 |
---------------+-------------------+-----
Ranged Weapons | 3 5 6 |  6.1
Fighting       | 2 3 |  3.7
Armour         | 2 |  2.6
Dodging        | |  1.5
Spellcasting   | |  1.0
Hexes          | |  2.6

Action                     |  1- 3 |  4- 6 |  7- 9 || total
---------------------------+-------+-------+-------++-------
   Fire: Sling             |   108 |   180 |    32 ||   320
    Use: Scroll            |     7 |     8 |       ||    15
         Potion            |       |     2 |       ||     2
 Armour: Robe              |    26 |     4 |       ||    30
         Leather armour    |       |    65 |       ||    65
         Skin              |       |     3 |       ||     3
         Ring mail         |       |    24 |    12 ||    36
  Dodge: Dodged            |    45 |   108 |     7 ||   160

Table legend:
 A = Non-vault XP
 B = Vault XP
 C = Vault XP percentage of total XP
 D = Non-vault monster count
 E = Vault monster count
 F = Vault count percentage of total count
                 A         B        C        D         E       F
            +---------+---------+-------+---------+---------+-------
      Total |     680 |       8 |   1.2 |      57 |       4 |   6.6
            +---------+---------+-------+---------+---------+-------
        D:1 |      18 |       0 |   0.0 |      10 |       0 |   0.0
        D:2 |      43 |       4 |   8.5 |      10 |       2 |  16.7
        D:3 |      74 |       0 |   0.0 |      15 |       0 |   0.0
        D:4 |     360 |       4 |   1.1 |      19 |       2 |   9.5
        D:5 |     185 |       0 |   0.0 |       3 |       0 |   0.0
            +---------+---------+-------+---------+---------+-------
